 Dungeon Crawl Stone Soup version 0.29-a0-393-g47a863cc1b (webtiles) character file.

Game seed: 7770814173872099762

27 Snarg the Magician (level 2, -1/19 HPs)
             Began as a Demonspawn Hedge Wizard on May 9, 2022.
             Succumbed to an adder's poison
             ... on level 2 of the Dungeon.
             The game lasted 00:04:34 (1350 turns).

Snarg the Magician (Demonspawn Hedge Wizard)        Turns: 1350, Time: 00:04:35

Health: -1/19      AC:  3    Str: 10    XL:     2   Next: 93%
Magic:  3/6        EV: 12    Int: 17    God:
Gold:   33         SH:  0    Dex: 12    Spells: 3/7 levels left

rFire   . . .      SeeInvis +   a - +0 dagger
rCold   . . .      Faith    .   (no shield)
rNeg    . . .      Spirit   .   b - +0 robe
rPois   .          Reflect  .   c - +0 hat
rElec   .          Harm     .   (no cloak)
rCorr   .          Rampage  .   (no gloves)
Will    .....                   t - +0 pair of boots
Stlth   ++........              (no amulet)
HPRegen 0.06/turn               l - ring of see invisible
MPRegen 0.10/turn               (no ring)

@: lethally poisoned (-1 -> -7)
A: big brain 1
a: no special abilities


You were on level 2 of the Dungeon.
You visited 1 branch of the dungeon, and saw 2 of its levels.

You collected 33 gold pieces.

Inventory:

Hand Weapons
 a - a +0 dagger (weapon)
 o - a +0 short sword
Missiles
 f - 2 curare-tipped darts
 k - 10 stones
 q - 3 silver javelins
Armour
 b - a +0 robe (worn)
 c - a +0 hat (worn)
 n - +0 fire dragon scales
 t - a +0 pair of boots (worn)
Jewellery
 l - a ring of see invisible (left hand)
Scrolls
 g - a scroll of immolation {unknown}
 h - a scroll of identify {unknown}
 j - a scroll of fog {unknown}
 r - a scroll of summoning {unknown}
Potions
 d - a potion of magic
 e - a potion of brilliance {unknown}
 i - a potion of lignification {unknown}
 m - a potion of invisibility {unknown}
 p - a potion of curing {unknown}
 s - a potion of degeneration {unknown}


   Skills:
 + Level 0.1 Fighting
 + Level 0.4 Short Blades
 + Level 2.1 Dodging
 + Level 2.4 Stealth
 - Level 3.0 Spellcasting
 + Level 1.5 Conjurations
 + Level 0.2 Hexes
 + Level 1.0 Summonings
 + Level 1.0 Translocations


You had 3 spell levels left.
You knew the following spells:

 Your Spells              Type           Power      Damage    Failure   Level
a - Magic Dart            Conj           28%        1d4       10%         1
b - Slow                  Hex            12%        N/A       16%         1
c - Blink                 Tloc           12%        N/A       17%         2

Your spell library contained the following spells:

 Spells                   Type           Power      Damage    Failure   Level
 Call Imp                 Summ           5%         N/A       17%         2
 Conjure Flame            Conj/Fire      5%         6-21      36%         3
 Mephitic Cloud           Conj/Pois/Air  4%         N/A       38%         3


Dungeon Overview and Level Annotations

Branches:
Dungeon (2/15)

Altars:


Innate Abilities, Weirdness & Mutations

You have an unusually large brain. (Int +2)


Message History

The adder is no longer moving slowly.
The adder bites you but does no damage.
You miss the adder.
The adder is severely wounded.
The adder bites you.
You are poisoned.
The adder poisons you! The adder bites you but does no damage.
You barely miss the adder.
The adder is severely wounded.
You feel sick. The adder misses you.
You closely miss the adder.
The adder is severely wounded.
You feel sick. The adder barely misses you.
You miss the adder.
The adder is severely wounded.
You feel sick. The adder closely misses you.
You barely miss the adder.
The adder is severely wounded.
You feel sick. The adder closely misses you.
The adder bites you but does no damage.
You barely miss the adder.
The adder is severely wounded.
You feel sick. The adder closely misses you.
You barely miss the adder.
The adder is severely wounded.
You feel sick. The adder bites you but does no damage.
You miss the adder.
The adder is heavily wounded.
You feel sick.
You are no longer poisoned.
The adder misses you. The adder bites you.
* * * LOW HITPOINT WARNING * * *
You barely miss the adder.
The adder is heavily wounded.
The adder bites you.
* * * LOW HITPOINT WARNING * * *
You are lethally poisoned!
The adder poisons you!
You barely miss the adder.
The adder is heavily wounded.
You die...

... #............<>.....#
...###...#.###..........##
.).#......##.###.........##
. ............##....#.#####
.. ..##.....###..#....###
..<..##....####.........#
....#...................#
.S.......##........÷....#
.).....#####@...........#
.$.##.....S............#
..............##.....÷..#
.......#.....###........#
...#.###.##### #........#
.. #. #)# ########## . .
... # .... .!....


You could see an adder.

Vanquished Creatures
  A ball python (D:2)
  6 endoplasms
  2 goblins
  5 hobgoblins
  A quokka (D:2)
  2 frilled lizards (D:1)
  2 kobolds (D:2)
  5 rats
24 creatures vanquished.

Notes
Turn   | Place    | Note
-------+----------+-------------------------------------------
     0 | D:1      | Snarg the Demonspawn Hedge Wizard began the quest for the
                  | Orb.
     0 | D:1      | Reached XP level 1. HP: 13/13 MP: 4/4
   406 | D:1      | Gained mutation: You have an unusually large brain. (Int
                  | +2) [demonic ancestry]
   406 | D:1      | Reached XP level 2. HP: 19/19 MP: 6/6
  1061 | D:2      | Reached skill level 1 in Translocations
  1067 | D:2      | Learned a level 1 spell: Slow
  1070 | D:2      | Learned a level 2 spell: Blink
  1350 | D:2      | Succumbed to an adder's poison

Illustrated notes

Levels and vault maps discovered:
D:1:      amcnicky_arrival_flooded_fountain, layout_loops_cross
D:2:      layout_rooms

Skill      XL: |  1  2 |
---------------+-------+-----
Stealth        | 2 |  2.4
Dodging        | 2 |  2.1
Translocations | 1 |  1.0
Fighting       | |  0.1
Short Blades   | |  0.4
Spellcasting   | |  3.0
Conjurations   | |  1.5
Hexes          | |  0.2
Summonings     | |  1.0

Action                   || total
-------------------------++-------
Melee: Dagger            ||    48
       Punch             ||     1
 Cast: Magic Dart        ||    41
       Slow              ||     5
 Stab: Sleeping          ||     1
Armor: Robe              ||    10
Dodge: Dodged            ||    21

Table legend: (Time is in decaauts)
 A = Elapsed time spent in this place.
 B = Non-inter-level travel time spent in this place.
 C = Inter-level travel time spent in this place.
 D = Time resting spent in this place.
 E = Time spent auto-exploring this place.
 F = Levels seen in this place.
 G = Mean time per level.
                   A        B        C        D        E       F      G
               +--------+--------+--------+--------+--------+-----+--------+
         Total |   1348 |   1311 |     37 |    141 |    894 |   2 |  674.0 |
       Dungeon |   1348 |   1311 |     37 |    141 |    894 |   2 |  674.0 |
               +--------+--------+--------+--------+--------+-----+--------+

Top non-repeatable levels by time:
     D:1: 992 daAuts
     D:2: 356 daAuts
